Map: Kairos Junction LE

Players

DBPinecone

  • Race: Terran Terran
  • Spawn Location: 5:00

Smiles - Winner!

  • Race: Zerg Zerg
  • League: Master
  • Spawn Location: 11:00

VOD

Have the link to the VOD?

Description

Time

  • Played on: Feb. 13, 2019, 9:57 p.m.
  • Length: 12:46
Show
View Real Time Build Order
Export as new Build Order

DBPinecone Terran 

Build Orders: Reaper Expand 

Get SALT Encoding   

  12  0:00  SCV  
  13  0:16  Supply Depot  
  13  0:17  SCV  
  14  0:29  SCV  
  15  0:38  Barracks  
  15  0:40  Refinery  
  15  0:44  SCV  
  16  0:57  SCV  
  17  1:09  SCV  
  18  1:25  Orbital Command  
  18  1:26  Reaper  
  19  1:41  Command Center  
  19  1:51  SCV  
  20  2:06  Barracks Reactor  
  20  2:10  Factory  
  20  2:13  SCV  
  21  2:25  SCV  
  22  2:33  Barracks Reactor  
  22  2:38  SCV  
  22  2:40  Command Center  
  23  2:52  SCV  
  23  2:54  Orbital Command  
  26  3:01  Supply Depot  
  26  3:03  Widow Mine  
  26  3:06  Refinery, SCV  
  26  3:11  Marine x2  
  29  3:18  SCV  
  30  3:23  SCV  
  31  3:30  SCV  
  31  3:31  Marine x2  
  34  3:35  SCV  
  34  3:42  Starport, Widow Mine  
  36  3:48  SCV  
  36  3:49  Marine, SCV  
  36  3:50  Marine  
  36  3:54  Orbital Command  
  38  4:04  Bunker  
  38  4:09  SCV x2  
  33  4:20  Marine x2  
  33  4:21  Hellion  
  31  4:25  Medivac  
  31  4:30  SCV  
  32  4:36  Orbital Command  
  32  4:39  SCV  
  32  4:42  SCV  
  33  4:55  Barracks  
  33  4:56  Barracks Tech Lab  
  33  5:01  Hellion x2  
  36  5:27  Hellion x2  
  36  5:28  Stimpack, Marine  
  40  5:36  Barracks  
  40  5:40  Barracks x2  
  40  5:42  SCV x3  
  43  5:48  Hellion x2  
  47  5:50  Barracks Reactor  
  47  5:55  SCV x3  
  50  6:00  Engineering Bay x2  
  50  6:12  SCV x3  
  53  6:18  Marine  
  53  6:21  Starport Reactor  
  53  6:25  Refinery x2  
  58  6:27  Terran Infantry Armor Level 1, Terran Infantry Weapons Level 1  
  58  6:36  Barracks Reactor x2  
  58  6:37  Barracks Reactor  
  54  6:41  Widow Mine x2  
  54  6:44  Orbital Command  
  54  6:46  SCV x2  
  60  7:01  Command Center  
  60  7:12  Supply Depot  
  60  7:13  Supply Depot  
  60  7:14  Supply Depot  
  60  7:15  Supply Depot  
  60  7:20  Supply Depot  
  60  7:21  Marine  
  61  7:27  Marauder, Marine x6  
  61  7:28  Armory  
  69  7:34  Marine, Medivac x2  
  74  7:44  Barracks x2, SCV x3  
  74  7:47  Barracks  
  74  7:49  Marauder  
  74  7:50  Missile Turret  
  79  7:52  Missile Turret  
  79  7:59  SCV x2  
  79  8:03  SCV  
  79  8:04  Marine x2  
  84  8:10  Marauder  
  86  8:15  Missile Turret  
  86  8:18  Orbital Command  
  86  8:20  SCV x2  
  86  8:21  SCV  
  89  8:29  Marine  
  89  8:30  Marine x3  
  89  8:31  Marine  
  89  8:32  Marauder, Marine  
  89  8:34  Marine  
  97  8:35  Marine  
  97  8:38  Barracks Tech Lab x2  
  99  9:00  Marine x9  
  99  9:01  Marine  
  72  9:05  Medivac x2  
  72  9:07  Widow Mine x2  
  72  9:08  SCV x3  
  79  9:15  Marine x2  
  81  9:17  Marine  
  81  9:21  Terran Infantry Armor Level 2, Terran Infantry Weapons Level 2  
  54  9:42  SCV x4  
  54  9:54  SCV x3, Medivac  
  54  9:55  SCV, Medivac  
  54  9:56  Widow Mine x2  
  66  10:07  Factory  
  66  10:10  Combat Shield  
  66  10:12  Concussive Shells  
  66  10:14  Barracks Reactor  
  66  10:16  SCV x4  
  70  10:24  Marauder x3  
  76  10:33  Marine x5  
  77  10:45  Marauder  
  77  10:48  Marine  
  77  10:49  Marauder, Marine x3  
  73  10:50  Widow Mine  
  73  10:51  Marine x4  
  79  10:57  Missile Turret  
  79  10:58  Marine  
  79  10:59  SCV  
  81  11:17  Marauder x3, Marine x5  
  92  11:21  Factory Tech Lab  
  91  11:45  Marauder x2, Marine x3  
  91  11:46  Marauder, Marine x7  
  76  11:56  Widow Mine x3  
  76  11:58  SCV x2  
  76  12:00  Orbital Command  
  84  12:07  Marine  
  84  12:08  Marine x9  
  74  12:19  Widow Mine x3  
  80  12:35  Missile Turret  
Show
View Real Time Build Order
Export as new Build Order

Smiles Zerg - Winner!

Build Orders: Hatch First, Muta Ling Bane 

Get SALT Encoding   

  12  0:01  Drone  
  13  0:12  Overlord  
  13  0:17  Drone  
  14  0:30  Drone  
  14  0:31  Drone  
  16  0:49  Hatchery  
  15  0:52  Drone  
  15  0:55  Drone  
  17  0:59  Drone  
  18  1:09  Extractor  
  17  1:15  Spawning Pool  
  16  1:19  Drone  
  16  1:21  Drone  
  18  1:28  Drone  
  19  1:38  Drone  
  20  1:51  Overlord  
  20  2:01  Queen x2  
  20  2:02  Zergling x4  
  26  2:13  Metabolic Boost  
  26  2:14  Drone x2  
  28  2:27  Drone  
  29  2:34  Drone x2  
  31  2:37  Queen  
  33  2:53  Drone x3  
  33  2:58  Hatchery  
  35  2:59  Overlord  
  36  3:12  Zergling x2  
  36  3:17  Queen  
  36  3:19  Zergling x8  
  42  3:24  Overlord  
  42  3:25  Drone x2  
  44  3:39  Overlord  
  44  3:42  Drone x2  
  44  3:44  Drone x5  
  51  3:51  Lair  
  51  3:52  Overlord  
  51  3:53  Drone  
  52  4:00  Queen  
  54  4:05  Drone x2  
  54  4:06  Drone  
  54  4:18  Drone  
  54  4:19  Drone  
  54  4:20  Drone x8  
  63  4:25  Extractor  
  63  4:26  Extractor  
  63  4:29  Evolution Chamber  
  63  4:30  Evolution Chamber  
  59  4:31  Drone  
  59  4:32  Drone x2  
  59  4:36  Queen  
  64  4:47  Drone  
  64  4:48  Baneling Nest, Drone x3  
  67  4:54  Drone x2  
  67  4:55  Drone x3  
  67  4:59  Zerg Melee Weapons Level 1  
  72  5:07  Drone  
  72  5:08  Hatchery  
  72  5:15  Zerg Ground Armor Level 1  
  72  5:21  Overlord  
  72  5:22  Overlord  
  72  5:26  Zergling x4  
  72  5:27  Zergling x4  
  73  5:29  Hatchery  
  73  5:34  Overlord x2  
  73  5:35  Zergling x2  
  73  5:43  Zergling x2  
  73  5:44  Zergling x12, Centrifical Hooks  
  73  5:47  Extractor  
  73  5:48  Extractor  
  73  5:49  Extractor  
  77  5:51  Drone x3  
  80  5:59  Drone x3  
  80  6:00  Drone x3  
  86  6:06  Baneling  
  86  6:07  Spire, Baneling x3  
  85  6:12  Overseer  
  85  6:14  Drone x3  
  88  6:30  Queen  
  88  6:31  Pneumatized Carapace  
  90  6:37  Overlord x3  
  90  6:38  Zergling x2  
  90  6:39  Zergling x24  
  103  6:55  Zerg Melee Weapons Level 2  
  103  6:56  Overseer  
  103  7:12  Zerg Ground Armor Level 2  
  103  7:25  Zerg Flyer Weapons Level 1  
  103  7:27  Mutalisk  
  103  7:28  Mutalisk x4  
  113  7:30  Overlord x2  
  113  7:31  Overlord x2  
  113  7:41  Mutalisk x2  
  113  7:43  Drone  
  119  7:44  Drone x17  
  135  7:51  Overlord x2, Mutalisk x2  
  139  8:03  Mutalisk x2  
  139  8:05  Extractor  
  142  8:06  Extractor  
  141  8:16  Mutalisk x2  
  145  8:22  Hatchery  
  145  8:23  Infestation Pit  
  145  8:24  Zergling x16  
  145  8:25  Zergling x22  
  162  8:29  Overseer  
  162  8:30  Overlord  
  162  8:31  Overlord  
  162  8:32  Mutalisk  
  164  8:38  Baneling x6  
  164  8:45  Baneling x6  
  164  8:46  Baneling  
  135  9:03  Mutalisk x4  
  135  9:06  Zergling x2  
  135  9:07  Zergling x32  
  160  9:12  Hive  
  151  9:50  Queen  
  151  9:51  Drone  
  151  9:52  Drone x4  
  158  9:53  Drone x3  
  158  9:55  Overlord x3  
  158  9:57  Baneling  
  158  9:58  Baneling x12  
  161  10:22  Extractor  
  161  10:23  Extractor  
  161  10:28  Adrenal Glands  
  159  10:30  Ultralisk Cavern  
  150  10:51  Overseer  
  150  10:55  Greater Spire  
  150  11:18  Anabolic Synthesis  
  150  11:19  Ultralisk  
  150  11:20  Ultralisk x4  
  150  11:22  Ultralisk  
  150  11:23  Zergling x2  
  150  11:24  Zergling x24  
  180  11:53  Hatchery  
  179  12:00  Ultralisk x3  
  197  12:07  Baneling x6  
  197  12:08  Zergling x22  
  189  12:09  Zergling x4  
Tags
 
Add a new tag
Caveats
  • Supply blocks, unpowered buildings, or Contaminate may cause inaccurate times.
  • Supply counts are checked every 10 seconds.